Gulls vs Stars

Created - Sunday, March 27, 2016 at 03:08

Goals
1 2 3 OT1 SO T
Gulls 0 0 1 0 1 2
Stars 0 1 0 0 0 1
Shots
1 2 3 OT1 SO T
Gulls 7 5 5 1 3 18
Stars 5 8 9 4 3 26

1st period

No Goal

Penalties :
Cameron Gaunce (TEX) for Slashing (Minor) at 2:32, Steven Delisle (TEX) for Hooking (Minor) at 7:47

2nd period

1. Stars , Brandon Kozun 20 (Bruno Gervais, Austin Madaisky) at 5:13

Penalties :
Austin Madaisky (TEX) for Hooking (Minor) at 19:34

3rd period

2. Gulls , Ryan Pulock 3 (Carter Camper, Scott Ford) at 0:48 (PP)

Penalties :
Matt Lashoff (SDI) for Tripping (Minor) at 16:08

Overtime #1

No Goal

Penalties :
Jussi Rynnas (SDI) for Slashing (Minor) at 0:59 - Antoine Laganiere served the penalty

Shootout

Penalty Shot by Antoine Laganiere for Gulls - Goal!
Penalty Shot by John Albert for Stars - Shot Misses the Net
Penalty Shot by Sven Andrighetto for Gulls - Stopped by Jeff Malcolm
Penalty Shot by Justin Shugg for Stars - Stopped by Jussi Rynnas
Penalty Shot by Jerry D'Amigo for Gulls - Shot Misses the Net
Penalty Shot by Alexandre Grenier for Stars - Stopped by Jussi Rynnas

Penalties :
No Penalty

Goalie Stats

Jussi Rynnas (SDI), 25 saves from 26 shots - (0.962), W, 30-14-13, 65:00 minutes
Jeff Malcolm (TEX), 17 saves from 18 shots - (0.944), OTL, 6-12-14, 65:00 minutes

Players Stats for Gulls

Player Name              G  A  P  +/- PIM S  H  SB GA TA FO     MP     PP MP  PK MP  
------------------------------------------------------------------------------------
Antoine Laganiere        0  0  0   0  0   0  2  0  2  0  4/5    20:30   2:42   0:32 
Brad Richard             0  0  0   0  0   3  1  0  0  1  0/0    17:40   0:00   0:00 
Brayden Irwin            0  0  0   0  0   1  3  0  1  0  1/2    20:05   2:06   0:00 
Brendan Bell             0  0  0   0  0   2  1  1  1  2  0/0    25:24   4:07   1:46 
Carter Camper            0  1  1   0  0   0  2  1  5  1  5/12   20:38   2:42   0:46 
FARM PLAYER14            0  0  0  -1  0   0  0  0  0  1  0/1    14:44   1:07   1:06 
FARM PLAYER30            0  0  0  -1  0   0  0  0  0  0  1/1    12:04   0:02   0:39 
Guillaume Lepine         0  0  0   0  0   0  0  0  0  0  0/0     3:16   0:00   0:00 
Jerry D'Amigo            0  0  0   0  0   1  2  0  3  0  0/2    22:02   1:52   2:06 
Jesse Joensuu            0  0  0  -1  0   3  1  2  5  0  0/2    19:08   1:37   0:48 
Jimmy Bonneau            0  0  0   0  0   1  1  0  0  2  2/2    13:51   0:00   0:17 
Joey Crabb               0  0  0   0  0   1  2  0  0  2  0/0    20:04   2:08   0:00 
Jordan Caron             0  0  0   0  0   0  2  0  0  0  0/0     3:44   0:00   0:00 
Matt Lashoff             0  0  0  -1  2   0  2  1  0  0  0/0    24:02   3:44   1:14 
Phil Lane                0  0  0   0  0   0  0  0  1  1  0/0     6:04   0:00   0:00 
Ryan Pulock              1  0  1  -1  0   2  1  1  1  2  0/0    26:27   1:05   1:35 
Scott Ford               0  1  1   0  0   0  3  2  2  1  0/0    25:12   1:05   2:07 
Sven Andrighetto         0  0  0   0  0   4  0  0  0  0  3/7    21:06   1:43   0:57 

Players Stats for Stars

Player Name              G  A  P  +/- PIM S  H  SB GA TA FO     MP     PP MP  PK MP  
------------------------------------------------------------------------------------
Alexandre Grenier        0  0  0   0  0   2  2  1  1  1  2/2    23:57   0:45   2:46 
Austin Madaisky          0  1  1   1  2   1  1  0  1  2  0/0    27:05   0:51   1:52 
Brandon Kozun            1  0  1   1  0   7  1  2  3  2  0/0    18:56   0:52   0:00 
Brent Sopel              0  0  0   0  0   0  3  0  0  1  0/0    13:23   0:20   0:24 
Bruno Gervais            0  1  1   1  0   1  1  4  0  1  0/0    26:45   0:51   4:12 
Cameron Gaunce           0  0  0   0  2   0  4  0  0  1  0/0    27:49   0:48   2:17 
Dalton Smith             0  0  0   0  0   0  0  0  0  0  1/1     4:53   0:00   0:00 
Jason Williams           0  0  0   0  0   1  1  0  2  0  4/11   16:21   0:00   1:37 
John Albert              0  0  0   1  0   3  3  1  0  0  4/7    22:36   0:45   3:31 
Jonathan Diaby           0  0  0   0  0   0  1  0  0  0  0/0     1:34   0:00   0:00 
Justin Shugg             0  0  0   0  0   3  0  0  1  1  1/1    21:23   0:45   1:15 
Miikka Salomaki          0  0  0   0  0   1  1  0  1  0  0/0     7:48   0:00   0:00 
Nic Kerdiles             0  0  0   0  0   1  0  0  0  0  0/0    14:19   0:20   0:00 
Nick Jones               0  0  0   0  0   0  0  1  0  0  0/0     8:12   0:20   0:11 
Paul Thompson            0  0  0   0  0   3  3  2  4  0  3/4    22:43   0:52   1:15 
Rocco Grimaldi           0  0  0   1  0   0  0  0  4  0  0/1    14:14   0:51   0:00 
Steven Delisle           0  0  0   0  2   0  3  0  0  4  0/0    25:23   0:48   1:28 
Zac Dalpe                0  0  0   0  0   3  0  1  3  1  3/7    17:24   0:47   0:00 

3 Stars

1 - Jussi Rynnas (SDI)
2 - Brandon Kozun (TEX)
3 - Jeff Malcolm (TEX)

Power Play

Gulls - 1 on 3 Attempt(s) - 33.33%
Stars - 0 on 2 Attempt(s) - 0.00%

Penalty Kill

Gulls - 2 on 2 Attempt(s) - 100.00% - Score 0 goal in Penalty Kill
Stars - 2 on 3 Attempt(s) - 66.67% - Score 0 goal in Penalty Kill

Team Stat

Gulls - Hits : 23 - Faceoff Wins : 16 - Blocked Shots : 8 - Penalty Minutes : 2
Stars - Hits : 24 - Faceoff Wins : 18 - Blocked Shots : 12 - Penalty Minutes : 6

Official

Referees : Unknown
Linesman : Unknown

Game Notes

No Game Note

Finance

Level 1 -- Attendance: 1543 (77.15%) -- Ticket Income $54,005
Level 2 -- Attendance: 714 (71.40%) -- Ticket Income $10,710
Total Attendance: 2257 (75.23%)
Total Ticket Income: $64,715
Other Income: $31,710
Total Income: $96,425

Gulls

5 vs 5 Forward 
   Center                   Left Wing                Right Wing               Time % Phy DF OF 
 1 Sven Andrighetto         Brayden Irwin            Jesse Joensuu            35     1   2  2  
 2 Carter Camper            Jerry D'Amigo            Joey Crabb               30     1   2  2  
 3 Antoine Laganiere        Sven Andrighetto         Brayden Irwin            22     1   2  2  
 4 Sven Andrighetto         Jimmy Bonneau            Jerry D'Amigo            13     1   2  2  

5 vs 5 Defense 
   Defense                  Defense                                           Time % Phy DF OF 
 1 Scott Ford               Brendan Bell                                      35     1   2  2  
 2 Ryan Pulock              Brad Richard                                      30     1   2  2  
 3 Ryan Pulock              Matt Lashoff                                      22     1   2  2  
 4 Scott Ford               Ryan Pulock                                       13     1   2  2  

PowerPlay Forward 
   Center                   Left Wing                Right Wing               Time % Phy DF OF 
 1 Brayden Irwin            Sven Andrighetto         Joey Crabb               60     1   2  2  
 2 Carter Camper            Jerry D'Amigo            Antoine Laganiere        40     1   2  2  

PowerPlay Defense
   Defense                  Defense                                           Time % Phy DF OF 
 1 Brendan Bell             Matt Lashoff                                      60     1   2  2  
 2 Ryan Pulock              Scott Ford                                        40     1   2  2  

Penalty Kill 4 Players Forward 
   Center                   Wing                     Time % Phy DF OF 
 1 Sven Andrighetto         Antoine Laganiere        60     1   2  2  
 2 Jerry D'Amigo            Carter Camper            40     1   2  2  

Penalty Kill 4 Players Defense
   Defense                  Defense                  Time % Phy DF OF 
 1 Matt Lashoff             Ryan Pulock              60     1   2  2  
 2 Scott Ford               Brendan Bell             40     1   2  2  

Penalty Kill - 3 Players Forward 
   Forward                                           Time % Phy DF OF 
 1 Jerry D'Amigo                                     60     1   2  2  
 2 Carter Camper                                     40     1   2  2  

Penalty Kill - 3 Players Defense
   Defense                  Defense                  Time % Phy DF OF 
 1 Matt Lashoff             Ryan Pulock              60     1   2  2  
 2 Brendan Bell             Scott Ford               40     1   2  2  

4 vs 4 Forward 
   Center                   Wing                     Time % Phy DF OF 
 1 Sven Andrighetto         Antoine Laganiere        60     1   2  2  
 2 Jerry D'Amigo            Carter Camper            40     1   2  2  

4 vs 4 Defense
   Defense                  Defense                  Time % Phy DF OF 
 1 Ryan Pulock              Matt Lashoff             60     1   2  2  
 2 Scott Ford               Brendan Bell             40     1   2  2  

Last Minutes Offensive
   Center                   Left Wing                Right Wing               Defense                  Defense                  
   Sven Andrighetto         Joey Crabb               Jerry D'Amigo            Brendan Bell             Ryan Pulock              

Last Minutes Defensive
   Center                   Left Wing                Right Wing               Defense                  Defense                  
   Sven Andrighetto         Joey Crabb               Jerry D'Amigo            Brendan Bell             Ryan Pulock              

Goaltenders
Starting : Jussi Rynnas             
Backup : Louis Domingue           

Extra Forwards
Normal : Sven Andrighetto, Antoine Laganiere, Jerry D'Amigo - PP : Jerry D'Amigo, Antoine Laganiere - PK : Jerry D'Amigo
Extra Defensemen
Normal : Ryan Pulock, Matt Lashoff, Brendan Bell - PP : Ryan Pulock - PK : Matt Lashoff, Ryan Pulock
Penalty Shots
Antoine Laganiere, Sven Andrighetto, Jerry D'Amigo, Carter Camper, Joey Crabb

Stars

5 vs 5 Forward 
   Center                   Left Wing                Right Wing               Time % Phy DF OF 
 1 Alexandre Grenier        Brandon Kozun            Paul Thompson            35     1   2  2  
 2 Zac Dalpe                John Albert              Justin Shugg             30     1   2  2  
 3 Paul Thompson            Alexandre Grenier        Brandon Kozun            22     1   2  2  
 4 Jason Williams           Paul Thompson            Alexandre Grenier        13     1   2  2  

5 vs 5 Defense 
   Defense                  Defense                                           Time % Phy DF OF 
 1 Austin Madaisky          Bruno Gervais                                     35     1   2  2  
 2 Cameron Gaunce           Steven Delisle                                    30     1   2  2  
 3 Cameron Gaunce           Austin Madaisky                                   22     1   2  2  
 4 Steven Delisle           Cameron Gaunce                                    13     1   2  2  

PowerPlay Forward 
   Center                   Left Wing                Right Wing               Time % Phy DF OF 
 1 Justin Shugg             Brandon Kozun            Paul Thompson            60     1   2  2  
 2 Zac Dalpe                John Albert              Alexandre Grenier        40     1   2  2  

PowerPlay Defense
   Defense                  Defense                                           Time % Phy DF OF 
 1 Austin Madaisky          Bruno Gervais                                     60     1   2  2  
 2 Steven Delisle           Cameron Gaunce                                    40     1   2  2  

Penalty Kill 4 Players Forward 
   Center                   Wing                     Time % Phy DF OF 
 1 John Albert              Alexandre Grenier        60     1   2  2  
 2 Justin Shugg             Paul Thompson            40     1   2  2  

Penalty Kill 4 Players Defense
   Defense                  Defense                  Time % Phy DF OF 
 1 Austin Madaisky          Bruno Gervais            60     1   2  2  
 2 Cameron Gaunce           Steven Delisle           40     1   2  2  

Penalty Kill - 3 Players Forward 
   Forward                                           Time % Phy DF OF 
 1 Paul Thompson                                     60     1   2  2  
 2 John Albert                                       40     1   2  2  

Penalty Kill - 3 Players Defense
   Defense                  Defense                  Time % Phy DF OF 
 1 Steven Delisle           Cameron Gaunce           60     1   2  2  
 2 Austin Madaisky          Bruno Gervais            40     1   2  2  

4 vs 4 Forward 
   Center                   Wing                     Time % Phy DF OF 
 1 Paul Thompson            Alexandre Grenier        60     1   2  2  
 2 Justin Shugg             John Albert              40     1   2  2  

4 vs 4 Defense
   Defense                  Defense                  Time % Phy DF OF 
 1 Bruno Gervais            Cameron Gaunce           60     1   2  2  
 2 Steven Delisle           Austin Madaisky          40     1   2  2  

Last Minutes Offensive
   Center                   Left Wing                Right Wing               Defense                  Defense                  
   John Albert              Brandon Kozun            Zac Dalpe                Cameron Gaunce           Bruno Gervais            

Last Minutes Defensive
   Center                   Left Wing                Right Wing               Defense                  Defense                  
   John Albert              Brandon Kozun            Zac Dalpe                Cameron Gaunce           Bruno Gervais            

Goaltenders
Starting : Jeff Malcolm             
Backup : FARM GOALIE19            

Extra Forwards
Normal : Alexandre Grenier, John Albert, Paul Thompson - PP : Paul Thompson, John Albert - PK : Jason Williams
Extra Defensemen
Normal : Steven Delisle, Austin Madaisky, Cameron Gaunce - PP : Cameron Gaunce - PK : Cameron Gaunce, Steven Delisle
Penalty Shots
John Albert, Justin Shugg, Alexandre Grenier, Paul Thompson, Zac Dalpe

% Time on Ice - Gulls

Lines # - Real PCT - Wanted PCT - Time Play
Normal Forward
1 - 26% - 35% - 13:56
2 - 35% - 30% - 18:18
3 - 18% - 22% - 9:45
4 - 21% - 13% - 10:50
Normal Defense
1 - 34% - 35% - 17:42
2 - 35% - 30% - 18:25
3 - 27% - 22% - 14:05
4 - 5% - 13% - 2:37
PP Forward
1 - 48% - 60% - 2:30
2 - 52% - 40% - 2:42
PP Defense
1 - 79% - 60% - 4:07
2 - 21% - 40% - 1:05
PK Forward
1 - 100% - 60% - 1:59
2 - 0% - 40% - 0:00
PK Defense
1 - 100% - 60% - 1:59
2 - 0% - 40% - 0:00
PK3 Forward
1 - 100% - 60% - 1:59
2 - 0% - 40% - 0:00
PK3 Defense
1 - 62% - 60% - 1:14
2 - 38% - 40% - 0:45
44 Forward
1 - 100% - 60% - 3:01
2 - 0% - 40% - 0:00
44 Defense
1 - 59% - 60% - 1:47
2 - 41% - 40% - 1:14
Last Minute Offensive  - 0:00
Last Minute Defensive  - 0:00
Total
Forward - 65:00
Defense - 65:00

% Time on Ice - Stars

Lines # - Real PCT - Wanted PCT - Time Play
Normal Forward
1 - 28% - 35% - 15:02
2 - 37% - 30% - 19:19
3 - 11% - 22% - 5:37
4 - 24% - 13% - 12:51
Normal Defense
1 - 38% - 35% - 20:01
2 - 29% - 30% - 15:25
3 - 20% - 22% - 10:47
4 - 12% - 13% - 6:36
PP Forward
1 - 61% - 60% - 1:12
2 - 39% - 40% - 0:47
PP Defense
1 - 60% - 60% - 1:11
2 - 40% - 40% - 0:48
PK Forward
1 - 76% - 60% - 3:57
2 - 24% - 40% - 1:15
PK Defense
1 - 52% - 60% - 2:41
2 - 48% - 40% - 2:31
PK3 Forward
1 - 0% - 60%
2 - 0% - 40%
PK3 Defense
1 - 0% - 60%
2 - 0% - 40%
44 Forward
1 - 100% - 60% - 5:00
2 - 0% - 40% - 0:00
44 Defense
1 - 49% - 60% - 2:27
2 - 51% - 40% - 2:33
Last Minute Offensive  - 0:00
Last Minute Defensive  - 0:00
Total
Forward - 65:00
Defense - 65:00

Play by Play

1st period


0:01 of 1st period - Alexandre Grenier wins face-off versus Sven Andrighetto in neutral zone.
0:23 of 1st period - Wrist shot by Sven Andrighetto.
0:23 of 1st period - Stopped by Jeff Malcolm with a rebound.
0:25 of 1st period - Backhand shot by Brendan Bell.
0:25 of 1st period - Stopped by Jeff Malcolm with a rebound.
0:27 of 1st period - Snap shot by Sven Andrighetto.
0:27 of 1st period - Shot Blocked by Brandon Kozun.
0:29 of 1st period - Wrist shot by Sven Andrighetto.
0:29 of 1st period - Shot Misses the Net.
0:31 of 1st period - Snap shot by Brayden Irwin.
0:31 of 1st period - Shot Hit the Post.
0:33 of 1st period - Slapshot by Scott Ford.
0:33 of 1st period - Shot Misses the Net.
0:35 of 1st period - Backhand shot by Jesse Joensuu.
0:35 of 1st period - Shot Blocked by Brandon Kozun.
1:08 of 1st period - Slapshot by John Albert.
1:08 of 1st period - Deflect By Ryan Pulock.
1:08 of 1st period - Shot Misses the Net.
1:08 of 1st period - Puck is out of play.
1:09 of 1st period - Jason Williams wins face-off versus Sven Andrighetto in Gulls zone.
1:20 of 1st period - Slapshot by Brad Richard.
1:20 of 1st period - Shot Misses the Net.
1:40 of 1st period - Wrist shot by Sven Andrighetto.
1:40 of 1st period - Shot Hit the Post.
2:19 of 1st period - Brandon Kozun is hit by Brad Richard.
2:32 of 1st period - Minor Penalty to Cameron Gaunce for Slashing.
2:33 of 1st period - Carter Camper wins face-off versus John Albert in Stars zone.
4:32 of 1st period - Penalty to Cameron Gaunce is over, Cameron Gaunce is back on ice.
4:35 of 1st period - Joey Crabb is hit by Cameron Gaunce and loses puck.
4:51 of 1st period - Brayden Irwin is hit by Brandon Kozun and loses puck.
5:16 of 1st period - Snap shot by Justin Shugg.
5:16 of 1st period - Deflect By Jesse Joensuu.
5:16 of 1st period - Shot Misses the Net.
5:16 of 1st period - Puck is out of play.
5:17 of 1st period - Sven Andrighetto wins face-off versus Zac Dalpe in Gulls zone.
5:30 of 1st period - Snap shot by Nic Kerdiles.
5:30 of 1st period - Stopped by Jussi Rynnas with a rebound.
5:32 of 1st period - Snap shot by Nic Kerdiles.
5:32 of 1st period - Deflect By Zac Dalpe.
5:32 of 1st period - Stopped by Jussi Rynnas with a rebound.
5:34 of 1st period - Snap shot by Zac Dalpe.
5:34 of 1st period - Shot Misses the Net.
5:38 of 1st period - Wrist shot by Zac Dalpe.
5:38 of 1st period - Stopped by Jussi Rynnas with a rebound.
6:22 of 1st period - Wrist shot by Justin Shugg.
6:22 of 1st period - Deflect By Sven Andrighetto.
6:22 of 1st period - Shot Misses the Net.
6:22 of 1st period - Puck is out of play.
6:23 of 1st period - Zac Dalpe wins face-off versus Carter Camper in Gulls zone.
6:46 of 1st period - Carter Camper is hit by Paul Thompson.
7:10 of 1st period - Joey Crabb is hit by Bruno Gervais and loses puck.
7:47 of 1st period - Minor Penalty to Steven Delisle for Hooking.
7:48 of 1st period - Carter Camper wins face-off versus John Albert in Stars zone.
8:06 of 1st period - Off-side.
8:07 of 1st period - John Albert wins face-off versus Carter Camper in neutral zone.
8:34 of 1st period - Paul Thompson is hit by Joey Crabb and loses puck.
8:45 of 1st period - Snap shot by Jerry D'Amigo.
8:45 of 1st period - Shot Misses the Net.
8:47 of 1st period - Slapshot by Antoine Laganiere.
8:47 of 1st period - Shot Blocked by Paul Thompson.
8:49 of 1st period - Backhand shot by Antoine Laganiere.
8:49 of 1st period - Shot Misses the Net.
8:51 of 1st period - Wrist shot by Antoine Laganiere.
8:51 of 1st period - Shot Blocked by Paul Thompson.
8:53 of 1st period - Snap shot by Brendan Bell.
8:53 of 1st period - Stopped by Jeff Malcolm with a rebound.
9:19 of 1st period - Snap shot by Jesse Joensuu.
9:19 of 1st period - Stopped by Jeff Malcolm without a rebound.
9:20 of 1st period - Brayden Irwin wins face-off versus Jason Williams in Stars zone.
9:29 of 1st period - Alexandre Grenier is hit by Scott Ford and loses puck.
9:47 of 1st period - Penalty to Steven Delisle is over, Steven Delisle is back on ice.
11:04 of 1st period - Wrist shot by Brandon Kozun.
11:04 of 1st period - Stopped by Jussi Rynnas with a rebound.
11:43 of 1st period - Snap shot by Sven Andrighetto.
11:43 of 1st period - Stopped by Jeff Malcolm without a rebound.
11:44 of 1st period - Jason Williams wins face-off versus Sven Andrighetto in Stars zone.
12:13 of 1st period - Matt Lashoff is hit by Paul Thompson and loses puck.
13:03 of 1st period - Snap shot by Alexandre Grenier.
13:03 of 1st period - Shot Misses the Net.
13:16 of 1st period - Icing by Alexandre Grenier.
13:17 of 1st period - Jimmy Bonneau wins face-off versus Jason Williams in Stars zone.
14:01 of 1st period - Zac Dalpe is hit by Carter Camper and loses puck.
14:15 of 1st period - Brendan Bell is hit by Brent Sopel and loses puck.
14:50 of 1st period - Slapshot by Ryan Pulock.
14:50 of 1st period - Shot Misses the Net.
15:24 of 1st period - Slapshot by Brad Richard.
15:24 of 1st period - Stopped by Jeff Malcolm with a rebound.
16:52 of 1st period - Slapshot by Phil Lane.
16:52 of 1st period - Shot Blocked by John Albert.
16:54 of 1st period - Slapshot by Brad Richard.
16:54 of 1st period - Stopped by Jeff Malcolm with a rebound.
17:57 of 1st period - Alexandre Grenier is hit by Brayden Irwin and loses puck.
18:30 of 1st period - Snap shot by Miikka Salomaki.
18:30 of 1st period - Stopped by Jussi Rynnas without a rebound.
18:31 of 1st period - Jason Williams wins face-off versus Carter Camper in Gulls zone.
19:15 of 1st period - Jimmy Bonneau is hit by Jonathan Diaby and loses puck.
Goals for this period are 0 for Gulls vs 0 for Stars.
Shots for this period are 7 for Gulls vs 5 for Stars.

2nd period


0:01 of 2nd period - Paul Thompson wins face-off versus Sven Andrighetto in neutral zone.
0:06 of 2nd period - Snap shot by Jesse Joensuu.
0:06 of 2nd period - Shot Misses the Net.
0:08 of 2nd period - Slapshot by Jesse Joensuu.
0:08 of 2nd period - Stopped by Jeff Malcolm with a rebound.
1:06 of 2nd period - Matt Lashoff is hit by Austin Madaisky and loses puck.
1:15 of 2nd period - Zac Dalpe is hit by Joey Crabb and loses puck.
1:46 of 2nd period - Scott Ford is hit by Jason Williams and loses puck.
1:58 of 2nd period - Off-side.
1:59 of 2nd period - Antoine Laganiere wins face-off versus Zac Dalpe in neutral zone.
2:33 of 2nd period - Wrist shot by Sven Andrighetto.
2:33 of 2nd period - Stopped by Jeff Malcolm with a rebound.
3:11 of 2nd period - Carter Camper is hit by Alexandre Grenier and loses puck.
4:06 of 2nd period - Brayden Irwin is hit by Cameron Gaunce and loses puck.
4:28 of 2nd period - Icing by Scott Ford.
4:29 of 2nd period - Carter Camper wins face-off versus Jason Williams in Gulls zone.
4:57 of 2nd period - Austin Madaisky is hit by Jerry D'Amigo.
5:07 of 2nd period - Snap shot by Brandon Kozun.
5:07 of 2nd period - Shot Blocked by Jesse Joensuu.
5:09 of 2nd period - Snap shot by Austin Madaisky.
5:09 of 2nd period - Deflect By Brandon Kozun.
5:09 of 2nd period - Stopped by Jussi Rynnas with a rebound.
5:11 of 2nd period - Slapshot by Bruno Gervais.
5:11 of 2nd period - Shot Blocked by Ryan Pulock.
5:13 of 2nd period - Wrist shot by Brandon Kozun.
5:13 of 2nd period - Goal by Brandon Kozun - Gulls : 0 - Stars : 1.
5:14 of 2nd period - Antoine Laganiere wins face-off versus Jason Williams in neutral zone.
5:19 of 2nd period - Snap shot by Brayden Irwin.
5:19 of 2nd period - Stopped by Jeff Malcolm without a rebound.
5:20 of 2nd period - Jason Williams wins face-off versus Antoine Laganiere in Stars zone.
5:53 of 2nd period - Snap shot by Paul Thompson.
5:53 of 2nd period - Shot Misses the Net.
6:07 of 2nd period - Joey Crabb is hit by John Albert and loses puck.
6:32 of 2nd period - Steven Delisle is hit by Carter Camper and loses puck.
6:53 of 2nd period - Ryan Pulock is hit by John Albert and loses puck.
8:01 of 2nd period - Zac Dalpe is hit by Jesse Joensuu and loses puck.
12:04 of 2nd period - Icing by Miikka Salomaki.
12:05 of 2nd period - Jimmy Bonneau wins face-off versus Rocco Grimaldi in Stars zone.
13:00 of 2nd period - Wrist shot by Sven Andrighetto.
13:00 of 2nd period - Stopped by Jeff Malcolm with a rebound.
13:02 of 2nd period - Snap shot by Antoine Laganiere.
13:02 of 2nd period - Shot Hit the Post.
13:04 of 2nd period - Snap shot by Scott Ford.
13:04 of 2nd period - Shot Blocked by Nick Jones.
13:56 of 2nd period - Paul Thompson is hit by Jimmy Bonneau and loses puck.
14:13 of 2nd period - Nick Jones is hit by Scott Ford and loses puck.
14:24 of 2nd period - Wrist shot by Phil Lane.
14:24 of 2nd period - Shot Misses the Net.
14:26 of 2nd period - Snap shot by Jordan Caron.
14:26 of 2nd period - Shot Misses the Net.
14:36 of 2nd period - Rocco Grimaldi is hit by Jordan Caron and loses puck.
14:43 of 2nd period - Snap shot by Joey Crabb.
14:43 of 2nd period - Stopped by Jeff Malcolm without a rebound.
14:44 of 2nd period - Zac Dalpe wins face-off versus FARM PLAYER14 in Stars zone.
14:55 of 2nd period - Slapshot by Justin Shugg.
14:55 of 2nd period - Stopped by Jussi Rynnas with a rebound.
15:51 of 2nd period - Slapshot by Austin Madaisky.
15:51 of 2nd period - Shot Blocked by Scott Ford.
16:28 of 2nd period - Snap shot by Zac Dalpe.
16:28 of 2nd period - Shot Misses the Net.
16:50 of 2nd period - Wrist shot by Justin Shugg.
16:50 of 2nd period - Stopped by Jussi Rynnas with a rebound.
17:44 of 2nd period - Snap shot by Brandon Kozun.
17:44 of 2nd period - Shot Misses the Net.
18:32 of 2nd period - Steven Delisle is hit by Matt Lashoff and loses puck.
18:57 of 2nd period - Wrist shot by Paul Thompson.
18:57 of 2nd period - Stopped by Jussi Rynnas without a rebound.
18:58 of 2nd period - Dalton Smith wins face-off versus Carter Camper in Gulls zone.
19:09 of 2nd period - Snap shot by John Albert.
19:09 of 2nd period - Shot Misses the Net.
19:11 of 2nd period - Slapshot by Brandon Kozun.
19:11 of 2nd period - Shot Misses the Net.
19:13 of 2nd period - Slapshot by Brandon Kozun.
19:13 of 2nd period - Stopped by Jussi Rynnas with a rebound.
19:15 of 2nd period - Wrist shot by John Albert.
19:15 of 2nd period - Stopped by Jussi Rynnas with a rebound.
19:17 of 2nd period - Wrist shot by Brandon Kozun.
19:17 of 2nd period - Stopped by Jussi Rynnas with a rebound.
19:34 of 2nd period - Minor Penalty to Austin Madaisky for Hooking.
19:35 of 2nd period - Carter Camper wins face-off versus John Albert in Stars zone.
19:44 of 2nd period - Slapshot by Carter Camper.
19:44 of 2nd period - Shot Misses the Net.
19:46 of 2nd period - Slapshot by Brendan Bell.
19:46 of 2nd period - Shot Misses the Net.
19:48 of 2nd period - Backhand shot by Jesse Joensuu.
19:48 of 2nd period - Shot Misses the Net.
Goals for this period are 0 for Gulls vs 1 for Stars.
Shots for this period are 5 for Gulls vs 8 for Stars.

3rd period


0:01 of 3rd period - John Albert wins face-off versus Brayden Irwin in neutral zone.
0:18 of 3rd period - Wrist shot by John Albert.
0:18 of 3rd period - Shot Misses the Net.
0:20 of 3rd period - Slapshot by John Albert.
0:20 of 3rd period - Stopped by Jussi Rynnas with a rebound.
0:30 of 3rd period - Snap shot by Alexandre Grenier.
0:30 of 3rd period - Stopped by Jussi Rynnas without a rebound.
0:31 of 3rd period - John Albert wins face-off versus Carter Camper in Gulls zone.
0:38 of 3rd period - Slapshot by Alexandre Grenier.
0:38 of 3rd period - Shot Blocked by Carter Camper.
0:46 of 3rd period - Slapshot by Carter Camper.
0:46 of 3rd period - Shot Blocked by Bruno Gervais.
0:48 of 3rd period - Slapshot by Ryan Pulock.
0:48 of 3rd period - Goal by Ryan Pulock - Gulls : 1 - Stars : 1.
0:49 of 3rd period - Alexandre Grenier wins face-off versus Jesse Joensuu in neutral zone.
1:00 of 3rd period - Wrist shot by Paul Thompson.
1:00 of 3rd period - Deflect By Brandon Kozun.
1:00 of 3rd period - Stopped by Jussi Rynnas with a rebound.
1:02 of 3rd period - Wrist shot by Paul Thompson.
1:02 of 3rd period - Stopped by Jussi Rynnas with a rebound.
1:11 of 3rd period - Slapshot by Cameron Gaunce.
1:11 of 3rd period - Shot Blocked by Scott Ford.
1:13 of 3rd period - Slapshot by Cameron Gaunce.
1:13 of 3rd period - Shot Misses the Net.
1:31 of 3rd period - Snap shot by Zac Dalpe.
1:31 of 3rd period - Stopped by Jussi Rynnas with a rebound.
1:37 of 3rd period - Snap shot by Zac Dalpe.
1:37 of 3rd period - Deflect By Jesse Joensuu.
1:37 of 3rd period - Shot Blocked by Jesse Joensuu.
1:37 of 3rd period - Puck is out of play.
1:38 of 3rd period - Zac Dalpe wins face-off versus Carter Camper in Gulls zone.
2:39 of 3rd period - Ryan Pulock is hit by Cameron Gaunce and loses puck.
2:58 of 3rd period - Jason Williams is hit by Scott Ford and loses puck.
3:19 of 3rd period - Carter Camper is hit by Alexandre Grenier and loses puck.
3:37 of 3rd period - Justin Shugg is hit by Antoine Laganiere.
4:27 of 3rd period - Wrist shot by Jesse Joensuu.
4:27 of 3rd period - Stopped by Jeff Malcolm with a rebound.
5:05 of 3rd period - Alexandre Grenier is hit by Brendan Bell and loses puck.
5:20 of 3rd period - Snap shot by Carter Camper.
5:20 of 3rd period - Shot Blocked by Bruno Gervais.
5:44 of 3rd period - Snap shot by Jimmy Bonneau.
5:44 of 3rd period - Shot Misses the Net.
5:46 of 3rd period - Slapshot by Brad Richard.
5:46 of 3rd period - Deflect By Austin Madaisky.
5:46 of 3rd period - Stopped by Jeff Malcolm with a rebound.
5:48 of 3rd period - Slapshot by Ryan Pulock.
5:48 of 3rd period - Stopped by Jeff Malcolm with a rebound.
5:50 of 3rd period - Slapshot by Matt Lashoff.
5:50 of 3rd period - Shot Misses the Net.
7:15 of 3rd period - Brad Richard is hit by Brent Sopel and loses puck.
7:46 of 3rd period - Bruno Gervais is hit by Brayden Irwin.
8:18 of 3rd period - Cameron Gaunce is hit by Antoine Laganiere and loses puck.
8:27 of 3rd period - Slapshot by Brendan Bell.
8:27 of 3rd period - Shot Blocked by Zac Dalpe.
8:31 of 3rd period - Slapshot by Antoine Laganiere.
8:31 of 3rd period - Shot Misses the Net.
8:51 of 3rd period - Snap shot by Jimmy Bonneau.
8:51 of 3rd period - Stopped by Jeff Malcolm with a rebound.
9:20 of 3rd period - Matt Lashoff is hit by Brent Sopel and loses puck.
9:43 of 3rd period - Slapshot by Austin Madaisky.
9:43 of 3rd period - Stopped by Jussi Rynnas without a rebound.
9:44 of 3rd period - Justin Shugg wins face-off versus Carter Camper in Gulls zone.
10:07 of 3rd period - Snap shot by John Albert.
10:07 of 3rd period - Shot Misses the Net.
10:25 of 3rd period - Brayden Irwin is hit by Paul Thompson and loses puck.
10:57 of 3rd period - Nic Kerdiles is hit by Jordan Caron and loses puck.
11:04 of 3rd period - Slapshot by Jason Williams.
11:04 of 3rd period - Stopped by Jussi Rynnas without a rebound.
11:05 of 3rd period - Antoine Laganiere wins face-off versus Jason Williams in Gulls zone.
11:24 of 3rd period - Slapshot by Matt Lashoff.
11:24 of 3rd period - Shot Misses the Net.
11:28 of 3rd period - Snap shot by Sven Andrighetto.
11:28 of 3rd period - Deflect By Jimmy Bonneau.
11:28 of 3rd period - Shot Misses the Net.
11:28 of 3rd period - Puck is out of play.
11:29 of 3rd period - Sven Andrighetto wins face-off versus Zac Dalpe in Stars zone.
12:46 of 3rd period - Off-side.
12:47 of 3rd period - Antoine Laganiere wins face-off versus Jason Williams in neutral zone.
13:03 of 3rd period - Miikka Salomaki is hit by Brayden Irwin and loses puck.
13:26 of 3rd period - Slapshot by Ryan Pulock.
13:26 of 3rd period - Shot Misses the Net.
13:36 of 3rd period - Slapshot by Brandon Kozun.
13:36 of 3rd period - Stopped by Jussi Rynnas with a rebound.
13:38 of 3rd period - Wrist shot by Brandon Kozun.
13:38 of 3rd period - Shot Blocked by Brendan Bell.
14:21 of 3rd period - Matt Lashoff is hit by Steven Delisle and loses puck.
14:36 of 3rd period - Phil Lane is hit by Steven Delisle.
15:25 of 3rd period - Wrist shot by Antoine Laganiere.
15:25 of 3rd period - Shot Blocked by Bruno Gervais.
15:27 of 3rd period - Snap shot by Antoine Laganiere.
15:27 of 3rd period - Shot Blocked by Bruno Gervais.
16:08 of 3rd period - Minor Penalty to Matt Lashoff for Tripping.
16:09 of 3rd period - John Albert wins face-off versus Jesse Joensuu in Gulls zone.
16:45 of 3rd period - Slapshot by Zac Dalpe.
16:45 of 3rd period - Deflect By Justin Shugg.
16:45 of 3rd period - Deflect By Carter Camper.
16:45 of 3rd period - Stopped by Jussi Rynnas without a rebound.
16:46 of 3rd period - Carter Camper wins face-off versus Zac Dalpe in Gulls zone.
18:08 of 3rd period - Penalty to Matt Lashoff is over, Matt Lashoff is back on ice.
18:20 of 3rd period - Icing by Joey Crabb.
18:21 of 3rd period - FARM PLAYER30 wins face-off versus Jason Williams in Gulls zone.
18:48 of 3rd period - Jesse Joensuu is hit by John Albert and loses puck.
19:15 of 3rd period - Matt Lashoff is hit by Steven Delisle and loses puck.
19:20 of 3rd period - Snap shot by Justin Shugg.
19:20 of 3rd period - Shot Misses the Net.
19:40 of 3rd period - Jerry D'Amigo is hit by Miikka Salomaki and loses puck.
19:47 of 3rd period - Snap shot by Rocco Grimaldi.
19:47 of 3rd period - Shot Misses the Net.
19:49 of 3rd period - Slapshot by Austin Madaisky.
19:49 of 3rd period - Shot Misses the Net.
19:51 of 3rd period - Slapshot by Austin Madaisky.
19:51 of 3rd period - Shot Misses the Net.
Goals for this period are 1 for Gulls vs 0 for Stars.
Shots for this period are 5 for Gulls vs 9 for Stars.

Overtime #1


0:01 of 1st overtime period - Sven Andrighetto wins face-off versus Paul Thompson in neutral zone.
0:04 of 1st overtime period - Paul Thompson is hit by Matt Lashoff and loses puck.
0:13 of 1st overtime period - Ryan Pulock is hit by Cameron Gaunce and loses puck.
0:22 of 1st overtime period - Wrist shot by Paul Thompson.
0:22 of 1st overtime period - Shot Misses the Net.
0:24 of 1st overtime period - Snap shot by Alexandre Grenier.
0:24 of 1st overtime period - Shot Misses the Net.
0:26 of 1st overtime period - Wrist shot by Alexandre Grenier.
0:26 of 1st overtime period - Shot Misses the Net.
0:59 of 1st overtime period - Slapshot by Paul Thompson.
0:59 of 1st overtime period - Stopped by Jussi Rynnas without a rebound.
0:59 of 1st overtime period - Minor Penalty to Jussi Rynnas for Slashing.
1:00 of 1st overtime period - Paul Thompson wins face-off versus Jerry D'Amigo in Gulls zone.
1:35 of 1st overtime period - Paul Thompson is hit by Jerry D'Amigo and loses puck.
1:42 of 1st overtime period - Wrist shot by Jerry D'Amigo.
1:42 of 1st overtime period - Shot Blocked by Alexandre Grenier.
1:44 of 1st overtime period - Snap shot by Brendan Bell.
1:44 of 1st overtime period - Deflect By Jerry D'Amigo.
1:44 of 1st overtime period - Stopped by Jeff Malcolm without a rebound.
1:45 of 1st overtime period - Paul Thompson wins face-off versus Jerry D'Amigo in Stars zone.
2:19 of 1st overtime period - Snap shot by Justin Shugg.
2:19 of 1st overtime period - Shot Blocked by Matt Lashoff.
2:21 of 1st overtime period - Slapshot by Bruno Gervais.
2:21 of 1st overtime period - Deflect By Ryan Pulock.
2:21 of 1st overtime period - Stopped by Jussi Rynnas with a rebound.
2:23 of 1st overtime period - Slapshot by Bruno Gervais.
2:23 of 1st overtime period - Shot Misses the Net.
2:25 of 1st overtime period - Slapshot by Justin Shugg.
2:25 of 1st overtime period - Shot Misses the Net.
2:33 of 1st overtime period - John Albert is hit by Ryan Pulock and loses puck.
2:40 of 1st overtime period - Slapshot by Bruno Gervais.
2:40 of 1st overtime period - Deflect By John Albert.
2:40 of 1st overtime period - Stopped by Jussi Rynnas with a rebound.
2:59 of 1st overtime period - Penalty to Antoine Laganiere is over, Antoine Laganiere is back on ice.
3:26 of 1st overtime period - Snap shot by Alexandre Grenier.
3:26 of 1st overtime period - Stopped by Jussi Rynnas with a rebound.
Goals for this period are 0 for Gulls vs 0 for Stars.
Shots for this period are 1 for Gulls vs 4 for Stars.

ShootOut


5:00 of 1st overtime period - Penalty Shot by Antoine Laganiere for Gulls.
5:00 of 1st overtime period - Snap shot by Antoine Laganiere.
5:00 of 1st overtime period - Goal by Antoine Laganiere.
5:00 of 1st overtime period - Penalty Shot by John Albert for Stars.
5:00 of 1st overtime period - Deke by John Albert.
5:00 of 1st overtime period - Shot Misses the Net.
5:00 of 1st overtime period - Penalty Shot by Sven Andrighetto for Gulls.
5:00 of 1st overtime period - Snap shot by Sven Andrighetto.
5:00 of 1st overtime period - Stopped by Jeff Malcolm.
5:00 of 1st overtime period - Penalty Shot by Justin Shugg for Stars.
5:00 of 1st overtime period - Deke by Justin Shugg.
5:00 of 1st overtime period - Stopped by Jussi Rynnas.
5:00 of 1st overtime period - Penalty Shot by Jerry D'Amigo for Gulls.
5:00 of 1st overtime period - Backhand shot by Jerry D'Amigo.
5:00 of 1st overtime period - Shot Misses the Net.
5:00 of 1st overtime period - Penalty Shot by Alexandre Grenier for Stars.
5:00 of 1st overtime period - Deke by Alexandre Grenier.
5:00 of 1st overtime period - Stopped by Jussi Rynnas.